 Dungeon Crawl Stone Soup version 0.20.0-15-g7f486f2 (webtiles) character file.

15498 Kriby the Severer (level 12, -3/115 HPs)
             Began as a Hill Orc Fighter on June 12, 2017.
             Was a Follower of Makhleb.
             Slain by a komodo dragon (20 damage)
             ... on level 3 of the Lair of Beasts on June 23, 2017.
             The game lasted 00:27:22 (14933 turns).

Kriby the Severer (Hill Orc Fighter)               Turns: 14933, Time: 00:27:23

Health: -3/115     AC: 16    Str: 24    XL:     12   Next: 27%
Magic:  12/12      EV:  6    Int: 12    God:    Makhleb [*.....]
Gold:   507        SH:  0    Dex: 10    Spells: 11/11 levels left

rFire    . . .     SeeInvis .   I - +2 battleaxe
rCold    . . .     Gourm    .   (shield currently unavailable)
rNeg     . . .     Faith    .   z - +0 plate armour
rPois    +         Spirit   .   (no helmet)
rElec    .         Reflect  .   G - +1 cloak
rCorr    .         Harm     .   (no gloves)
MR       +....                  (no boots)
Stlth    ..........             (no amulet)
Regen    0.3/turn               h - ring of poison resistance
MPRegen  0.2/turn               a - ring of protection from magic

@: no status effects
A: iridescent scales 1, clever 2
a: Renounce Religion


You were on level 3 of the Lair of Beasts.
You worshipped Makhleb.
Makhleb was aware of your devotion.
You were hungry.

You visited 2 branches of the dungeon, and saw 12 of its levels.
You also visited: Labyrinth.

You collected 619 gold pieces.
You spent 112 gold pieces at shops.

Inventory:

Hand Weapons
 m - a +4 mace of draining
 I - a +2 battleaxe (weapon)
Missiles
 A - 3 javelins (quivered)
Armour
 c - a +0 shield
 z - a +0 plate armour (worn)
 G - a +1 cloak (worn)
Jewellery
 a - a ring of protection from magic (right hand)
 d - a +2 ring of protection {unknown}
 h - a ring of poison resistance (left hand)
Wands
 g - a wand of iceblast (9/15)
 B - a wand of polymorph (12/24)
 C - a wand of polymorph (15/24)
 L - a wand of confusion (10/48)
 M - a wand of iceblast (4/15)
 Q - a wand of iceblast (3/15)
 W - a wand of iceblast (8/15)
 X - a wand of disintegration (8/24)
Scrolls
 b - a scroll of brand weapon {unknown}
 e - 2 scrolls of enchant weapon
 j - 2 scrolls of amnesia
 l - 4 scrolls of enchant armour
 n - 2 scrolls of remove curse
 r - 8 scrolls of identify
 H - a scroll of teleportation
Potions
 i - 2 potions of resistance
 k - 8 potions of curing
 q - a potion of lignification
 u - 5 potions of mutation
 x - a potion of cancellation
 J - 2 potions of brilliance
 O - a potion of degeneration {unknown}
 P - a potion of flight
Comestibles
 f - 7 bread rations
 o - 9 meat rations
 s - 7 royal jellies
 D - 14 fruits


   Skills:
 + Level 13.4 Fighting
 * Level 18.8 Axes
 - Level 4.2 Armour
 - Level 4.4 Shields


You had 11 spell levels left.
You didn't know any spells.

Dungeon Overview and Level Annotations

Branches:
Dungeon (9/15)             Temple (0/1) D:5            Lair (3/6) D:9
  Swamp: Lair:2-4    Shoals: Lair:2-4     Snake: Lair:2-4    Spider: Lair:2-4
    Orc: D:9-12

Altars:
Dithmenos
Elyvilon
Fedhas
Hepliaklqana
Kikubaaqudgha
Makhleb
Trog
Uskayaw
Zin
The Shining One

Shops:
D:4 !!

Annotations:
Lair:3 exclusion: oklob plant


Innate Abilities, Weirdness & Mutations

You are partially covered in iridescent scales. (AC +2)
Your mind is very acute. (Int +4)


Message History

You slash the fungus! x2; The komodo dragon bites you!
You slash the komodo dragon!
The komodo dragon is moderately wounded.
You slice the fungus!! You slash the fungus!
You closely miss the komodo dragon.
The komodo dragon is moderately wounded.
You slash the fungus!
You destroy the fungus!
You slash the fungus! The komodo dragon bites you!
* * * LOW HITPOINT WARNING * * *
You barely miss the komodo dragon.
The komodo dragon is moderately wounded.
You slice the fungus!!
You destroy the fungus!
The komodo dragon bites you!
* * * LOW HITPOINT WARNING * * *
You slash the komodo dragon!
The komodo dragon is severely wounded.
The komodo dragon bites you!!
You die...

. .. ... ...+ .
##....#
....########......#
......l@...........
#####.#..#..#......
# ####### ##.##


You could see a komodo dragon.

Vanquished Creatures
  A minotaur (Lab)
  Erolcha (D:9)
  Erica (D:9)
  A two-headed ogre (D:9)
  Pikel (D:7)
  7 spiny frogs
  A komodo dragon (D:8)
  Grinder (D:6)
  A hornet (D:8)
  A troll (D:9)
  12 blink frogs
  Prince Ribbit (D:9)
  2 hippogriffs (Lair:1)
  3 yaks
  A wandering mushroom (D:8)
  A basilisk (Lair:3)
  A naga (D:8)
  6 water moccasins
  7 porcupines
  Duvessa (D:7)
  4 slaves (D:7)
  2 orc warriors
  2 ice beasts (D:6)
  2 sky beasts (D:9)
  A black bear (D:9)
  5 wolves (Lair:2)
  2 phantoms
  2 ogres
  2 centaurs
  4 crocodiles
  A gnoll sergeant (D:9)
  10 bullfrogs
  Dowan (D:7)
  7 wights
  An oklob sapling (D:8)
  2 electric eels (Lair:3)
  A vampire bat (D:8)
  2 crimson imps
  2 howler monkeys
  2 bullfrog zombies (D:7)
  4 bullfrog skeletons
  6 hounds
  3 jellies
  A gnoll shaman (D:4)
  An orc priest (D:8)
  3 centaur skeletons
  An orc wizard (D:8)
  7 worker ants
  An iguana (D:5)
  A howler monkey zombie (D:6)
  13 gnolls
  12 adders
  4 shadow imps
  3 oozes
  2 adder skeletons
  3 worms
  A dart slug (D:5)
  3 leopard geckos
  13 orcs
  6 ball pythons (D:8)
  8 bats
  3 bat skeletons (D:8)
  2 bat zombies (D:8)
  8 giant cockroaches
  7 goblins
  12 hobgoblins
  16 jackals
  8 kobolds
  3 quokkas
  6 frilled lizards
  A jackal skeleton (D:4)
  A quokka zombie (D:6)
  5 rats
  3 fungi
  2 plants
279 creatures vanquished.

Vanquished Creatures (others)
  A bush (D:8)
  17 fungi
  13 plants
31 creatures vanquished.

Grand Total: 310 creatures vanquished

Notes
Turn   | Place    | Note
-------+----------+-------------------------------------------
     0 | D:1      | Kriby the Hill Orc Fighter began the quest for the Orb.
     0 | D:1      | Reached XP level 1. HP: 19/19 MP: 1/1
    68 | D:1      | Reached XP level 2. HP: 24/27 MP: 2/2
    71 | D:1      | Reached skill level 3 in Axes
   282 | D:1      | Reached XP level 3. HP: 33/33 MP: 3/3
  1122 | D:2      | Found a blossoming altar of Fedhas.
  1364 | D:2      | Reached XP level 4. HP: 40/40 MP: 4/4
  1540 | D:3      | Reached XP level 5. HP: 33/47 MP: 5/5
  1548 | D:3      | Reached skill level 4 in Axes
  2356 | D:4      | Reached skill level 5 in Fighting
  2399 | D:4      | Found Luqig's Distillery.
  2434 | D:4      | Bought a potion of heal wounds for 70 gold pieces
  2434 | D:4      | Found a bloodstained altar of Trog.
  2462 | D:4      | Reached skill level 5 in Axes
  2462 | D:4      | Reached XP level 6. HP: 53/56 MP: 6/6
  2669 | D:4      | Found a burning altar of Makhleb.
  2725 | D:4      | Found Ruwinuxi's Distillery.
  2753 | D:4      | Bought a potion of curing for 42 gold pieces
  2784 | D:4      | Noticed a phantom
  2797 | D:4      | Killed a phantom
  2797 | D:4      | Reached skill level 6 in Axes
  3032 | D:4      | Reached XP level 7. HP: 59/62 MP: 7/7
  3075 | D:4      | Found a shadowy altar of Dithmenos.
  3251 | D:5      | Entered Level 5 of the Dungeon
  3418 | D:5      | Found a staircase to the Ecumenical Temple.
  3526 | D:5      | Reached skill level 7 in Axes
  3586 | D:5      | Found a glowing silver altar of Zin.
  3688 | D:5      | Found a hazy altar of Hepliaklqana.
  3951 | D:5      | Got a scorched mace
  3954 | D:5      | Identified the +1 mace of Midui {elec, rPois Str+2 Int-4} (You found it on level 5 of the Dungeon)
  4177 | D:6      | Noticed Grinder
  4182 | D:6      | Paralysed by Grinder for 6 turns
  4193 | D:6      | Reached skill level 8 in Axes
  4217 | D:6      | Paralysed by Grinder for 4 turns
  4229 | D:6      | Killed Grinder
  4229 | D:6      | Reached skill level 9 in Axes
  4229 | D:6      | Reached XP level 8. HP: 23/73 MP: 8/8
  4698 | D:6      | Found a white marble altar of Elyvilon.
  4731 | D:6      | Reached skill level 10 in Axes
  5238 | D:7      | Noticed Dowan
  5240 | D:7      | Noticed Duvessa
  5246 | D:7      | Noticed Pikel
  5246 | D:7      | Killed Dowan
  5256 | D:7      | Killed Duvessa
  5256 | D:7      | Reached skill level 11 in Axes
  5263 | D:7      | Killed Pikel
  5263 | D:7      | Reached skill level 12 in Axes
  5263 | D:7      | Reached XP level 9. HP: 38/82 MP: 9/9
  6529 | D:8      | Found a hide-covered altar of Uskayaw.
  6544 | D:8      | Noticed a komodo dragon
  6554 | D:8      | Killed a komodo dragon
  6554 | D:8      | Reached skill level 13 in Axes
  6985 | D:8      | Noticed Psyche
  7468 | D:8      | Noticed Psyche
  7468 | D:8      | Psyche changed into Psyche the naga
  7474 | D:8      | Killed Psyche the naga
  7593 | D:8      | Reached skill level 10 in Fighting
  7697 | D:8      | Reached XP level 10. HP: 93/93 MP: 10/10
  7707 | D:8      | Found an ancient bone altar of Kikubaaqudgha.
  8111 | D:8      | Reached skill level 14 in Axes
  8360 | D:8      | Found a blossoming altar of Fedhas.
  8567 | D:9      | Noticed Prince Ribbit
  8583 | D:8      | Gained mutation: Your mind is acute. (Int +2) [potion of mutation]
  8583 | D:8      | Gained mutation: Your mind is very acute. (Int +4) [potion of mutation]
  8583 | D:8      | Gained mutation: You are partially covered in iridescent scales. (AC +2) [potion of mutation]
  8805 | D:9      | Killed Prince Ribbit
  8815 | D:9      | Noticed Erica
  8951 | D:9      | Killed Erica
  9189 | D:8      | Reached skill level 15 in Axes
  9500 | D:9      | Noticed Erolcha
  9509 | D:9      | Killed Erolcha
  9776 | D:9      | Noticed a two-headed ogre
  9789 | D:9      | Killed a two-headed ogre
  9789 | D:9      | Reached skill level 16 in Axes
  9789 | D:9      | Reached XP level 11. HP: 102/104 MP: 11/11
 10185 | D:9      | Got a twitching glass ring
 10262 | D:9      | Found a staircase to the Lair.
 10480 | D:9      | Found a glowing golden altar of the Shining One.
 10795 | D:4      | Became a worshipper of Makhleb the Destroyer
 10933 | Lair:1   | Entered Level 1 of the Lair of Beasts
 11358 | Lair:1   | Reached skill level 17 in Axes
 12178 | Lair:2   | Found a labyrinth entrance.
 12188 | Lab      | Entered a labyrinth
 12380 | Lab      | Noticed a minotaur
 12392 | Lab      | Killed a minotaur
 12395 | Lab      | Identified the +5 chain mail "Ogumn" {*Slow rF+ rN++ SInv} (You took it off a minotaur in a labyrinth)
 12399 | Lab      | Identified the cursed ring of Peutoylo {rN+ EV-4 Slay+3} (You took it off Erolcha on level 9 of the Dungeon)
 12400 | Lab      | Identified the cursed -2 cloak "Put-Me-On" {Str+3} (You found it in a labyrinth)
 13271 | Lair:2   | Reached * piety under Makhleb
 13271 | Lair:2   | Reached skill level 18 in Axes
 13502 | Lair:2   | Reached XP level 12. HP: 115/115 MP: 12/12
 14706 | Lair:3   | Noticed a seven-headed hydra
 14716 | Lair:3   | HP: 4/115 [seven-headed hydra (11)]
 14716 | Lair:3   | HP: 1/115 [seven-headed hydra (3)]
 14933 | Lair:3   | Slain by a komodo dragon

Skill      XL: |  1  2  3  4  5  6  7  8  9 10 11 |
---------------+----------------------------------+-----
Axes           | 3 5 6 9 12 13 16 18 | 18.8
Fighting       | 4 5 7 8 10 11 13 | 13.4
Shields        | 4 |  4.4
Armour         | 4 |  4.2

Action                   |  1- 3 |  4- 6 |  7- 9 | 10-12 || total
-------------------------+-------+-------+-------+-------++-------
Melee: War axe           |    91 |       |       |       ||    91
       Mace              |    32 |   150 |    42 |     2 ||   226
       Battleaxe         |       |       |   215 |   417 ||   632
Evoke: Wand              |       |       |    18 |    12 ||    30
  Use: Scroll            |       |       |     5 |    14 ||    19
       Potion            |       |       |     4 |    11 ||    15
 Stab: Paralysed         |       |       |     1 |       ||     1
       Confused          |       |       |       |     1 ||     1
  Eat: Chunk             |     2 |     5 |    12 |     8 ||    27
       Bread ration      |       |       |     1 |     3 ||     4
Armor: Scale mail        |    46 |    53 |       |       ||    99
       Plate armour      |       |    32 |   170 |   220 ||   422
Dodge: Dodged            |    26 |    26 |    83 |   120 ||   255
Block: Shield            |    48 |    78 |    19 |       ||   145
